cohdb
Replays
Latest Replays
All Replays
Popular Replays
Top Player Replays
Match Explorer
How It Works
Community
CoH3 Stats
Reddit
Sign in to upload your games and track your stats! →
Sign in with Steam
Match 42516193
Unlisted
Match 42516193
Overview
Messages
Build Orders
End
Construct Section Command Post
Selects Heavy Armor Battlegroup
Dingo Light Scout Car
Infantry Section
Infantry Section
Infantry Section
Infantry Section
Construct Field Infirmary
Construct Platoon Command Post
Grenade Package
Selects Rigorous Vehicle Training
Selects Forward Repair Assembly
Unlock M3 Stuart Light Tanks
M3 Stuart Light Tank
M3 Stuart Light Tank
6-pounder Anti-tank Gun Team
Vickers Machine Gun Team
Construct Company Command Post
Crusader II Medium Tank
Crusader II Medium Tank
ConcernedApe
Yunivor
MotoBomb
CHILL-OUT
0
0
Comments
sign in to comment!
No comments posted yet!